 Dungeon Crawl Stone Soup version 0.21-a0-496-g696f58f537 (webtiles) character file.

22 Kaname the Stinger (level 2, 0/19 HPs)
             Began as a Demonspawn Venom Mage on Nov 23, 2017.
             Slain by a leopard gecko (4 damage)
             ... on level 1 of the Dungeon.
             The game lasted 00:01:30 (429 turns).

Kaname the Stinger (Demonspawn Venom Mage)           Turns: 429, Time: 00:01:31

Health: 0/19       AC:  2    Str:  8    XL:     2   Next: 68%
Magic:  0/5        EV: 12    Int: 16    God:
Gold:   60         SH:  0    Dex: 13    Spells: 4/5 levels left

rFire    . . .     SeeInvis .   d - +0 whip
rCold    + . .     Gourm    .   (no shield)
rNeg     . . .     Faith    .   a - +0 robe
rPois    .         Spirit   .   (no helmet)
rElec    .         Reflect  .   (no cloak)
rCorr    .         Harm     .   (no gloves)
MR       .....                  (no boots)
Stlth    ++........             (no amulet)
HPRegen  0.06/turn              (no ring)
MPRegen  0.09/turn              (no ring)

@: no status effects
A: cold resistance 1
a: no special abilities


You were on level 1 of the Dungeon.
You were not hungry.

You visited 1 branch of the dungeon, and saw 1 of its levels.

You collected 60 gold pieces.

Inventory:

Hand Weapons
 d - a +0 whip (weapon)
Armour
 a - a +0 robe (worn)
Scrolls
 g - a scroll of teleportation {unknown}
Potions
 e - 2 potions of ambrosia {unknown}
 h - a potion of lignification {unknown}
Books
 b - a Young Poisoner's Handbook

   Spells                             Type                      Level
   a - Sting                          Conjuration/Poison           1
   b - Poisonous Vapours              Poison/Air                   2
   c - Mephitic Cloud                 Conjuration/Poison/Air       3
   d - Olgreb's Toxic Radiance        Poison                       4
   e - Venom Bolt                     Conjuration/Poison           5
Comestibles
 c - a bread ration
 f - a meat ration


   Skills:
 - Level 1.7 Dodging
 - Level 1.7 Stealth
 - Level 2.0 Spellcasting
 - Level 2.0 Conjurations
 + Level 3.5 Poison Magic


You had 4 spell levels left.
You knew the following spells:

 Your Spells              Type           Power        Failure   Level  Hunger
a - Sting                 Conj/Pois      ##..         7%          1    #......


Dungeon Overview and Level Annotations

Branches:
Dungeon (1/15)

Altars:


Innate Abilities, Weirdness & Mutations

Your flesh is cold resistant. (rC+)


Message History

The leopard gecko is heavily wounded.
The leopard gecko bites you but does no damage.
You miss the leopard gecko.
The leopard gecko is heavily wounded.
The leopard gecko barely misses you. The leopard gecko closely misses you.
You miss the leopard gecko.
The leopard gecko is heavily wounded.
The leopard gecko closely misses you.
You hit the leopard gecko but do no damage.
The leopard gecko is heavily wounded.
The leopard gecko bites you.
Casting: Sting
Confirm with . or Enter, or press ? or * to list all spells.
Aiming: Sting
Press: ? - help, Shift-Dir - straight line, f/p - leopard gecko
Aim: a leopard gecko (heavily wounded, clinging)
The sting misses the leopard gecko.
The leopard gecko bites you.
* * * LOW HITPOINT WARNING * * *
The leopard gecko bites you.
You die...

.#.###.##.........#
............>#########
...............÷......
.......#####.#########
(####.....##.# .#
###.#.##.###########
.# #.#......#†.......
.# #.#......#l# .#
#........#@# .#
##.......#.# ##
#.......#.#######
##...............
#..#.###.#######
##.#.#..........
#....#.#.#######
#....#..........
######
#....##.########


You could see a leopard gecko.

Vanquished Creatures
  2 leopard geckos (D:1)
  2 giant cockroaches (D:1)
  6 hobgoblins (D:1)
  2 kobolds (D:1)
  2 bats (D:1)
  2 frilled lizards (D:1)
  2 rats (D:1)
18 creatures vanquished.

Notes
Turn   | Place    | Note
-------+----------+-------------------------------------------
     0 | D:1      | Kaname the Demonspawn Venom Mage began the quest for the Orb.
     0 | D:1      | Reached XP level 1. HP: 13/13 MP: 3/3
    98 | D:1      | Gained mutation: Your flesh is cold resistant. (rC+) [demonic ancestry]
    98 | D:1      | Reached XP level 2. HP: 13/19 MP: 0/5
   429 | D:1      | Slain by a leopard gecko

Vault maps used:
D:1:      scummos_arrival_hexagon, minmay_tetromino_i4

Skill      XL: |  1 |
---------------+----+-----
Conjurations   | 2 |  2.0
Dodging        | |  1.7
Stealth        | |  1.7
Spellcasting   | |  2.0
Poison Magic   | |  3.5

Action                   || total
-------------------------++-------
Melee: Whip              ||    46
 Cast: Sting             ||    22
Armor: Robe              ||    12
Dodge: Dodged            ||    41

Table legend:
 A = Spawn XP
 B = Non-spawn XP
 C = Spawn XP percentage of total XP
 D = Spawn monster count
 E = Non-spawn monster count
 F = Spawn count percentage of total count
 G = Total turns spent on level
                    A         B        C        D         E        F      G
               +---------+---------+-------+---------+---------+-------+---------
         Total |       0 |      32 |   0.0 |       0 |      18 |   0.0 |   429
               +---------+---------+-------+---------+---------+-------+---------
           D:1 |       0 |      32 |   0.0 |       0 |      18 |   0.0 |   429
               +---------+---------+-------+---------+---------+-------+---------
